 Dungeon Crawl Stone Soup version 0.29.0-4-gdea44cf6ec (webtiles) character file.

Game seed: 17768269442111665774

111 qw the Chopper (level 4, 0/35 HPs)
             Began as a Demonspawn Cinder Acolyte on Sept 10, 2022.
             Was a High Priest of Ignis.
             Killed by nerve-wracking pain
             ... invoked by Grinder
              (1 damage)
             ... on level 3 of the Dungeon.
             The game lasted 00:01:03 (3583 turns).

qw the Chopper (Demonspawn Cinder Acolyte)          Turns: 3583, Time: 00:01:03

Health: 0/35       AC: 17    Str: 16    XL:     4   Next: 62%
Magic:  5/5        EV:  6    Int: 15    God:    Ignis [*****.]
Gold:   184        SH:  0    Dex:  9    Spells: 5/5 levels left

rFire   + . .      SeeInvis .   Y - +0 hand axe (flame)
rCold   . . .      Faith    .   (no shield)
rNeg    . . .      Spirit   .   d - +0 chain mail
rPois   .          Reflect  .   (no helmet)
rElec   .          Harm     .   (no cloak)
rCorr   .          Rampage  .   (no gloves)
Will    .....                   (no boots)
Stlth   ..........              (no amulet)
HPRegen 0.11/turn               (no ring)
MPRegen 0.09/turn               (no ring)

@: about to teleport, sanguine armoured
A: spiny 1, sanguine armour 2
a: Renounce Religion, Fiery Armour, Foxfire Swarm, Rising Flame


You were on level 3 of the Dungeon.
You worshipped Ignis.
Ignis was extremely pleased with you.
You visited 1 branch of the dungeon, and saw 3 of its levels.

You collected 184 gold pieces.


Innate Abilities, Weirdness & Mutations

You are partially covered in sharp spines.
When seriously injured, your blood forms thick armour. (AC +9)


   Skills:
 - Level 3.0 Fighting
 + Level 4.5 Axes
 - Level 1.0 Armour
 - Level 1.1 Dodging
 - Level 1.0 Spellcasting
 - Level 2.6 Fire Magic


You had 5 spell levels left.
You didn't know any spells.
Your spell library contained the following spells:

 Spells                   Type           Power      Damage    Failure   Level
 Scorch                   Fire           16%        2d5       94%         2

Inventory:

Hand Weapons
 Y - a +0 hand axe of flaming (weapon)
Armour
 d - a +0 chain mail (worn)
Scrolls
 a - a scroll of poison {unknown}
 b - a scroll of identify
 c - a scroll of teleportation
Potions
 e - a potion of curing {unknown}
 g - a potion of mutation
 h - 3 potions of haste
 i - a potion of heal wounds
 k - a potion of ambrosia {unknown}

Dungeon Overview and Level Annotations

Branches:
Dungeon (3/15)

Altars:

Annotations:
D:3 Grinder


Message History

5 stones; a +0 dagger; a +0 whip A frilled lizard comes into view.
Enter note:
3551 ||| Stepping ~*~*~tactically~*~*~ (stealth).
e - a sedimented green potion Grinder comes into view.
Found an escape hatch in the ceiling.
Grinder shouts!
Grinder blinks!
An orc comes into view. It is wielding a +0 whip.
The orc shouts!
You hit Grinder. You burn Grinder.
Grinder is lightly wounded.
Grinder is struck by your spines. Grinder closely misses you.
You hit Grinder but do no damage.
Grinder is lightly wounded.
Grinder barely misses you.
You slash Grinder! You burn Grinder.
Grinder is heavily wounded.
Grinder is struck by your spines. Grinder hits you.
You hit Grinder. You burn Grinder.
Grinder is heavily wounded.
Grinder gestures at you. Pain shoots through your body!
Your blood congeals into armour.
You hit Grinder but do no damage.
Grinder is heavily wounded.
You closely miss the orc. Grinder gestures at you.
You suddenly lose the ability to move!
The orc hits you but does no damage. Grinder gestures at you.
Pain shoots through your body! The orc hits you but does no damage.
Grinder is struck by your spines. Grinder hits you.
You writhe in agony.
The orc hits you but does no damage.
You can move again.
3583 ||| READING 2 scrolls of teleportation.
As you read the scroll of teleportation, it crumbles to dust.
You feel strangely unstable. Grinder gestures at you.
Pain shoots through your body!
You die...

#.......##.###.#..##
#..###.###.###.#....
...............#..## #
#..###.###..........
#.#..#######..........
##.#...........##.#..##
...<..................
#.5#######..##.#.##.
###.#.o@.#####.......##.
........................
#####..#######..##......
#.. #..##.#.##. ....
#.......##. ####.
#..####.##. #. #..#
#.##. #. #..# #.##. #.
#.## #.##.


You could see Grinder and an orc.

Vanquished Creatures
  4 adders
  A worm (D:2)
  4 dart slugs
  5 ball pythons
  4 endoplasms
  A giant cockroach (D:1)
  12 goblins
  7 hobgoblins
  5 bats
  3 frilled lizards
  9 kobolds
  6 rats
61 creatures vanquished.

Vanquished Creatures (others)
  19 plants (D:3)
19 creatures vanquished.

Grand Total: 80 creatures vanquished

Notes
Turn   | Place    | Note
-------+----------+-------------------------------------------
     0 | D:1      | qw the Demonspawn Cinder Acolyte began the quest for the
                  | Orb.
     0 | D:1      | Reached XP level 1. HP: 18/18 MP: 2/2
     0 | D:1      | 0 ||| qw: Version: 0.1-a-113-g051387a
     0 | D:1      | 0 ||| qw: Game counter: 7397
     0 | D:1      | 0 ||| qw: Always use a shield: true
     0 | D:1      | 0 ||| qw: God list: Okawaru
     0 | D:1      | 0 ||| qw: Allow faded altars: false
     0 | D:1      | 0 ||| qw: Do Orc after D:15 true
     0 | D:1      | 0 ||| qw: Do second Lair branch before Depths: true
     0 | D:1      | 0 ||| qw: Lair rune preference: random
     0 | D:1      | 0 ||| qw: Plans: Normal
     0 | D:1      | 0 ||| PLANNING D:1-11
   142 | D:1      | Reached skill level 3 in Axes
   161 | D:1      | 161 ||| Stepping ~*~*~tactically~*~*~ (hiding).
   175 | D:1      | Gained mutation: When seriously injured, your blood forms
                  | armour. (AC +9) [demonic ancestry]
   175 | D:1      | Reached XP level 2. HP: 16/24 MP: 3/3
   859 | D:1      | 859 ||| Stepping ~*~*~tactically~*~*~ (stealth).
   899 | D:1      | 899 ||| Stepping ~*~*~tactically~*~*~ (stealth).
   901 | D:1      | 901 ||| Stepping ~*~*~tactically~*~*~ (stealth).
   903 | D:1      | 903 ||| Stepping ~*~*~tactically~*~*~ (hiding).
   977 | D:1      | Found a faded altar of an unknown god.
  1497 | D:1      | 1497 ||| UPGRADING to +0 leather armour.
  1507 | D:1      | 1507 ||| DROPPING +0 robe.
  1508 | D:1      | 1508 ||| READING scroll labelled PAS SY SITO.
  1509 | D:1      | 1509 ||| READING scroll labelled OXTOBY OFAPN.
  1510 | D:1      | 1510 ||| READING scroll labelled MUMMIFR YNALEC.
  1511 | D:1      | 1511 ||| READING scroll labelled LUDONW FOSK.
  1512 | D:1      | 1512 ||| DRINKING 2 metallic puce potions.
  1541 | D:1      | 1541 ||| DRINKING 4 pink potions.
  1542 | D:1      | 1542 ||| DRINKING 2 viscous green potions.
  1543 | D:1      | 1543 ||| DROPPING potion of lignification.
  1650 | D:2      | Gained mutation: When seriously injured, your blood forms
                  | thick armour. (AC +9) [demonic ancestry]
  1650 | D:2      | Reached XP level 3. HP: 28/29 MP: 4/4
  1659 | D:2      | Reached skill level 4 in Axes
  1661 | D:2      | 1661 ||| FLEEEEING.
  1667 | D:2      | 1667 ||| STAIRDANCE
  1928 | D:2      | 1928 ||| Stepping ~*~*~tactically~*~*~ (hiding).
  2028 | D:2      | 2028 ||| Stepping ~*~*~tactically~*~*~ (stealth).
  2097 | D:2      | Reached skill level 1 in Dodging
  2412 | D:2      | 2412 ||| Stepping ~*~*~tactically~*~*~ (stealth).
  2420 | D:2      | 2420 ||| FLEEEEING.
  2421 | D:2      | 2421 ||| FLEEEEING.
  2424 | D:2      | 2424 ||| FLEEEEING.
  2425 | D:2      | 2425 ||| FLEEEEING.
  2426 | D:2      | 2426 ||| FLEEEEING.
  2427 | D:2      | 2427 ||| FLEEEEING.
  2428 | D:2      | 2428 ||| STAIRDANCE
  2636 | D:1      | 2636 ||| UPGRADING to +0 ring mail.
  2646 | D:1      | 2646 ||| UPGRADING to +0 chain mail.
  2656 | D:1      | 2656 ||| DROPPING +0 ring mail.
  2657 | D:1      | 2657 ||| DROPPING +0 leather armour.
  2658 | D:1      | 2658 ||| READING 2 scrolls labelled JIXYTUFIDO.
  2659 | D:1      | 2659 ||| READING 2 scrolls labelled BEUFOEM JAA.
  2678 | D:2      | 2678 ||| STAIRDANCE
  2863 | D:2      | Gained mutation: You are partially covered in sharp spines.
                  | [demonic ancestry]
  2863 | D:2      | Reached XP level 4. HP: 35/35 MP: 5/5
  2959 | D:2      | 2959 ||| READING 2 scrolls of identify.
  2959 | D:2      | 2959 ||| IDENTIFYING dark potion
  3015 | D:3      | Reached skill level 1 in Armour
  3148 | D:3      | 3148 ||| Stepping ~*~*~tactically~*~*~ (stealth).
  3160 | D:3      | 3160 ||| FLEEEEING.
  3161 | D:3      | 3161 ||| FLEEEEING.
  3162 | D:3      | 3162 ||| FLEEEEING.
  3163 | D:3      | 3163 ||| FLEEEEING.
  3164 | D:3      | 3164 ||| FLEEEEING.
  3165 | D:3      | 3165 ||| FLEEEEING.
  3166 | D:3      | 3166 ||| FLEEEEING.
  3167 | D:3      | 3167 ||| FLEEEEING.
  3168 | D:3      | 3168 ||| FLEEEEING.
  3169 | D:3      | 3169 ||| FLEEEEING.
  3170 | D:3      | 3170 ||| FLEEEEING.
  3171 | D:3      | 3171 ||| FLEEEEING.
  3173 | D:3      | 3173 ||| FLEEEEING.
  3175 | D:3      | 3175 ||| FLEEEEING.
  3176 | D:3      | 3176 ||| FLEEEEING.
  3177 | D:3      | 3177 ||| FLEEEEING.
  3178 | D:3      | 3178 ||| FLEEEEING.
  3179 | D:3      | 3179 ||| FLEEEEING.
  3180 | D:3      | 3180 ||| FLEEEEING.
  3181 | D:3      | 3181 ||| FLEEEEING.
  3182 | D:3      | 3182 ||| FLEEEEING.
  3183 | D:3      | 3183 ||| FLEEEEING.
  3184 | D:3      | 3184 ||| FLEEEEING.
  3185 | D:3      | 3185 ||| STAIRDANCE
  3217 | D:2      | 3217 ||| DRINKING 2 amethyst potions.
  3218 | D:2      | 3218 ||| DROPPING potion of flight.
  3224 | D:3      | 3224 ||| STAIRDANCE
  3551 | D:3      | 3551 ||| Stepping ~*~*~tactically~*~*~ (stealth).
  3571 | D:3      | Noticed Grinder
  3580 | D:3      | Paralysed by Grinder for 3 turns
  3582 | D:3      | HP: 7/35 [Grinder (5)]
  3582 | D:3      | HP: 1/35 [Grinder (6)]
  3583 | D:3      | 3583 ||| READING 2 scrolls of teleportation.
  3583 | D:3      | Killed from afar by Grinder

Levels and vault maps discovered:
D:1:      lemuel_arrival_behind_the_door_large, layout_basic,
          hellmonk_ecumenical_altar_leap_of_faith
D:2:      cheibrodos_greedy_goblins, layout_basic
D:3:      layout_basic, lexackson_kobold_supper, uniq_grinder

Skill      XL: |  1  2  3  4 |
---------------+-------------+-----
Axes           | 3 4 |  4.5
Dodging        | 1 |  1.1
Armour         | 1 |  1.0
Fighting       | |  3.0
Spellcasting   | |  1.0
Fire Magic     | |  2.6

Action                   |  1- 3 |  4- 6 || total
-------------------------+-------+-------++-------
Melee: Hand axe          |   105 |    45 ||   150
  Use: Scroll            |     6 |     2 ||     8
       Potion            |     3 |     1 ||     4
Armor: Robe              |     9 |       ||     9
       Leather armour    |    14 |       ||    14
       Chain mail        |     1 |    22 ||    23
Dodge: Dodged            |    50 |    12 ||    62

Table legend:
 A = Non-vault XP
 B = Vault XP
 C = Vault XP percentage of total XP
 D = Non-vault monster count
 E = Vault monster count
 F = Vault count percentage of total count
                 A         B        C        D         E       F
            +---------+---------+-------+---------+---------+-------
      Total |     130 |      29 |  18.2 |      45 |      16 |  26.2
            +---------+---------+-------+---------+---------+-------
        D:1 |      35 |       0 |   0.0 |      18 |       0 |   0.0
        D:2 |      59 |      20 |  25.3 |      19 |      10 |  34.5
        D:3 |      36 |       9 |  20.0 |       8 |       6 |  42.9
            +---------+---------+-------+---------+---------+-------
